 Dungeon Crawl Stone Soup version 0.29-a0-322-g68df515428 (webtiles) character file.

Game seed: 15660091094779752289

35 GigaChad the Slasher (level 3, 0/30 HPs)
             Began as a Merfolk Chaos Knight on Apr 8, 2022.
             Was a Plaything of Xom.
             Slain by Natasha (10 damage)
             ... on level 2 of the Dungeon.
             The game lasted 00:03:35 (1089 turns).

GigaChad the Slasher (Merfolk Chaos Knight)         Turns: 1089, Time: 00:03:35

Health: 0/30       AC:  5    Str: 12    XL:     3   Next: 35%
Magic:  3/3        EV: 11    Int: 11    God:    Xom [.*....]
Gold:   28         SH:  0    Dex: 15    Spells: 2/2 levels left

rFire   . . .      SeeInvis .   a - +0 falchion (chaos)
rCold   . . .      Faith    .   (no shield)
rNeg    . . .      Spirit   .   e - +0 ring mail
rPois   .          Reflect  .   (no helmet)
rElec   .          Harm     .   (no cloak)
rCorr   .          Rampage  .   (no gloves)
Will    .....                   (no boots)
Stlth   +.........              f - amulet of the acrobat
HPRegen 0.10/turn               (no ring)
MPRegen 0.08/turn               (no ring)

@: slowed, very slow
A: (nimble swimmer 2), mertail
a: Renounce Religion


You were on level 2 of the Dungeon.
You worshipped Xom.
You were a plaything of Xom.
You visited 1 branch of the dungeon, and saw 2 of its levels.

You collected 28 gold pieces.

Inventory:

Hand Weapons
 a - a +0 falchion of chaos (weapon)
Armour
 b - a +2 leather armour
 e - a +0 ring mail (worn)
Jewellery
 f - an amulet of the acrobat (around neck)
Scrolls
 d - 2 scrolls of magic mapping {unknown}
 g - a scroll of immolation {unknown}
 h - a scroll of identify {unknown}
Miscellaneous
 c - a piece from Xom's chessboard (15/15) (quivered)


   Skills:
 + Level 3.9 Fighting
 + Level 4.3 Long Blades
 + Level 1.0 Armour
 + Level 3.0 Dodging


You had 2 spell levels left.
You didn't know any spells.
Your spell library was empty.

Dungeon Overview and Level Annotations

Branches:
Dungeon (2/15)

Altars:

Annotations:
D:2 Natasha


Innate Abilities, Weirdness & Mutations

((You are very nimble when in or above water. (Stealth+, EV+, Speed+++)))
Your lower body shifts to a powerful aquatic tail in water.


Message History

You kill the goblin!
Things that are here:
a +0 dagger; a goblin corpse A frilled lizard comes into view.
Found a scroll labelled HEKIL ALERIE.
The frilled lizard bites you but does no damage.
Found a scroll labelled HETEITO ZITALU.
The frilled lizard completely misses you.
You hit the frilled lizard.
You kill the frilled lizard!
You see here a frilled lizard corpse.
g - a scroll labelled HEKIL ALERIE
h - a scroll labelled HETEITO ZITALU
Found a scroll labelled FOEB KEUGGEIP.
Found 15 stones.
You see here 15 stones.
d - 2 scrolls labelled FOEB KEUGGEIP (gained 1)
Found a falchion.
Natasha, Servant of Life and Death comes into view.
Natasha hisses angrily.
Natasha casts a spell at you.
You feel yourself slow down. Natasha completely misses you. x2
You slash Natasha!
Natasha is heavily wounded.
Natasha claws you.
You hit Natasha but do no damage.
Natasha goes berserk!
Xom thinks this is hilarious!
Natasha is heavily wounded.
Natasha claws you! Natasha barely misses you. Natasha claws you!
You barely miss Natasha.
Natasha is heavily wounded.
Natasha claws you.
* * * LOW HITPOINT WARNING * * *
Natasha completely misses you.
You barely miss Natasha.
Natasha is heavily wounded.
Natasha claws you!
You die...
Xom thinks this is hilarious!

#........# # #?#
.....##### #. ...
......## ##.# #.#
# .†.....#
##..h##)####.#
.......+
.............
.......#
#........#
......## #.#
.....## #h#
#...## ##@# ##+##
#..# #.# #.## #.#
# #.# #
##.#######
#.##.##.#
#........#
#.......#
.....##..#
####.####
#(...##..######.#
#.#.............#


You could see Natasha (berserk).

Vanquished Creatures
  Robin (D:1)
  6 endoplasms (D:1)
  A giant cockroach (D:1)
  5 kobolds (D:1)
  A quokka (D:1)
  4 ball pythons (D:1)
  2 frilled lizards
  4 goblins
24 creatures vanquished.

Notes
Turn   | Place    | Note
-------+----------+-------------------------------------------
     0 | D:1      | GigaChad the Merfolk Chaos Knight began the quest for the
                  | Orb.
     0 | D:1      | Reached XP level 1. HP: 18/18 MP: 1/1
    66 | D:1      | Reached XP level 2. HP: 9/24 MP: 2/2
   127 | D:1      | Reached skill level 4 in Long Blades
   282 | D:1      | XOM: smoke on damage
   561 | D:2      | Noticed Robin
   565 | D:1      | Reached skill level 1 in Armour
   581 | D:1      | Killed Robin
   582 | D:1      | Reached XP level 3. HP: 8/30 MP: 3/3
   649 | D:1      | XOM: 3-stop teleportation journey
   651 | D:1      | Found a faded altar of an unknown god.
  1081 | D:2      | Noticed Natasha
  1089 | D:2      | Slain by Natasha

Illustrated notes

Levels and vault maps discovered:
D:1:      sevenhm_arrival_forest_fort_small_5, layout_basic,
          nicolae_ecumenical_snake_handling, serial_rivers,
          chequers_serial_rivers_room_a, chequers_serial_rivers_micro_d,
          chequers_serial_rivers_small_a, chequers_serial_rivers_room_b,
          chequers_serial_rivers_large_a, chequers_serial_rivers_micro_e
D:2:      layout_loops_corners, serial_undead, serial_undead_d, serial_undead_c,
          serial_undead_e, serial_undead_e, kennysheep_pointless_box,
          serial_park_tiny_pond, uniq_natasha, uniq_robin

Skill      XL: |  1  2 |
---------------+-------+-----
Long Blades    | 4 |  4.3
Armour         | 1 |  1.0
Dodging        | 3 |  3.0
Fighting       | |  3.9

Action                   || total
-------------------------++-------
Melee: Falchion          ||    63
Armor: Leather armour    ||    17
       Ring mail         ||    10
Dodge: Dodged            ||    44

Table legend: (Time is in decaauts)
 A = Elapsed time spent in this place.
 B = Non-inter-level travel time spent in this place.
 C = Inter-level travel time spent in this place.
 D = Time resting spent in this place.
 E = Time spent auto-exploring this place.
 F = Levels seen in this place.
 G = Mean time per level.
                   A        B        C        D        E       F      G
               +--------+--------+--------+--------+--------+-----+--------+
         Total |   1091 |   1048 |     43 |    249 |      5 |   2 |  545.5 |
       Dungeon |   1091 |   1048 |     43 |    249 |      5 |   2 |  545.5 |
               +--------+--------+--------+--------+--------+-----+--------+

Top non-repeatable levels by time:
     D:1: 866 daAuts
     D:2: 225 daAuts
